 Dungeon Crawl Stone Soup version 0.28-a0-1524-ge72afd5fc6 (webtiles) character file.

Game seed: 5149036089167151906

100 bastard the Slasher (level 5, -1/38 HPs)
             Began as a Djinni Gladiator on Jan 17, 2022.
             Slain by a gnoll (2 damage)
             ... on level 2 of the Dungeon.
             The game lasted 00:03:36 (3046 turns).

bastard the Slasher (Djinni Gladiator)              Turns: 3046, Time: 00:03:36

Health: -1/38      AC:  4    Str: 13    XL:     5   Next: 3%
Gold:   107        EV: 13    Int:  9    God:
                   SH:  0    Dex: 17

rFire   + + .      SeeInvis .   a - +0 long sword
rCold   x . .      Faith    .   (no shield)
rNeg    . . .      Spirit   .   b - +0 leather armour
rPois   ∞          Reflect  .   c - +0 helmet
rElec   .          Harm     .   (no cloak)
rCorr   .          Rampage  .   (no gloves)
Will    .....                   (boots unavailable)
Stlth   +.........              i - amulet of the acrobat
HPRegen 0.12/turn               (no ring)
MPRegen 0.00/turn               (no ring)

@: flying
A: sickness immunity, fire resistance 2, cold vulnerability 1, float, innate
caster, hp casting, extra vitality 1
a: no special abilities


You were on level 2 of the Dungeon.
You visited 1 branch of the dungeon, and saw 3 of its levels.

You collected 107 gold pieces.

Inventory:

Hand Weapons
 a - a +0 long sword (weapon)
Missiles
 d - 3 throwing nets (quivered)
Armour
 b - a +0 leather armour (worn)
 c - a +0 helmet (worn)
 j - a +0 pair of gloves
Jewellery
 i - an amulet of the acrobat (around neck)
Potions
 e - a potion of attraction
 f - a potion of lignification {unknown}
 g - a potion of haste {unknown}
 h - a potion of brilliance {unknown}


   Skills:
 - Level 2.0 Fighting
 + Level 4.8 Long Blades
 - Level 1.5 Throwing
 - Level 3.2 Dodging


You had one spell level left.
You knew the following spells:

 Your Spells              Type           Power      Damage    Failure   Level
a - Summon Small Mammal   Summ           0%         N/A       45%         1
b - Searing Ray           Conj           0%         2d4       61%         2
Your spell library was empty.

Dungeon Overview and Level Annotations

Branches:
Dungeon (3/15)

Altars:
Makhleb
Okawaru

Shops:
D:1 [   D:2 *


Innate Abilities, Weirdness & Mutations

You are immune to sickness and miasma.
You are immune to poison.
Your flesh is very heat resistant. (rF++)
You are vulnerable to cold. (rC-)
You float through the air rather than walking.
You learn spells naturally, not from books.
Your magical power is your life essence.
You have superior vitality. (+4 MHP)


Message History

The gnoll is heavily wounded.
The gnoll barely misses you. x2
You barely miss the gnoll.
The gnoll is heavily wounded.
The gnoll barely misses you.
You hit the gnoll.
The gnoll is heavily wounded.
The gnoll misses you.
You slash the gnoll!
You kill the gnoll!
You have reached level 5!
The power to cast Searing Ray wells up from within.
Spell assigned to 'b'.
HP restored.
Things that are here:
a +0 whip; a gnoll corpse
There is a stone staircase leading down here.
You fly downwards.
The gnoll barely misses you. The gnoll closely misses you.
There is a stone staircase leading up here.
The gnoll completely misses you. x2
The gnoll completely misses you.
There is a stone staircase leading up here.
The gnoll completely misses you. x2
There is a stone staircase leading up here.
The gnoll barely misses you. x2
You fly upwards.
There is a stone staircase leading down here.
You completely miss the gnoll. The gnoll hits you with a +0 spear!
The gnoll hits you with a +0 halberd.
You closely miss the gnoll. The gnoll hits you with a +0 spear.
The gnoll hits you with a +0 halberd!
You hit the gnoll but do no damage. The gnoll hits you with a +0 spear.
* * * LOW HITPOINT WARNING * * *
The gnoll hits you with a +0 halberd!
* * * LOW HITPOINT WARNING * * *
The gnoll hits you but does no damage.
You hit the gnoll.
The gnoll is moderately wounded.
The gnoll closely misses you. The gnoll hits you with a +0 spear.
You die...

###...## #.#
#.###.#.# ....###
#.#####.# #.#.#
....#
#.......###.#.#
....#
#####.......#.#
....#
###.#######.#
....######
#...#.......#
#........#
#.###.#######
##..####.###.###g#
...)...........g@#
##...###.###.#####
#....###.###.#
#.#...#......#
#.#...########
......# ..#.#.#
###.#.# ..#.#.#


You could see 2 gnolls.

Vanquished Creatures
  Robin (D:2)
  2 gnolls
  An adder (D:2)
  2 dart slugs (D:1)
  2 worms (D:2)
  4 ball pythons
  4 bats
  3 endoplasms
  2 giant cockroaches (D:3)
  9 goblins
  7 hobgoblins
  3 kobolds
  2 quokkas
  A frilled lizard (D:1)
  6 rats
49 creatures vanquished.

Notes
Turn   | Place    | Note
-------+----------+-------------------------------------------
     0 | D:1      | bastard the Djinni Gladiator began the quest for the Orb.
     0 | D:1      | Reached XP level 1. HP: 18/18 MP: 0/0
    40 | D:1      | Found Lozxiwaz's Antique Armour Shop.
    68 | D:1      | Reached skill level 3 in Long Blades
    68 | D:1      | Reached XP level 2. HP: 11/23 MP: 0/0
   867 | D:1      | Reached XP level 3. HP: 27/28 MP: 0/0
   867 | D:1      | Learned a level 1 spell: Summon Small Mammal
  1340 | D:2      | Found Recludd's General Store.
  1711 | D:2      | Noticed Robin
  1753 | D:2      | Reached skill level 4 in Long Blades
  1772 | D:2      | Killed Robin
  1773 | D:2      | Reached XP level 4. HP: 3/33 MP: 0/0
  2053 | D:2      | Found a burning altar of Makhleb.
  2413 | D:2      | Found a faded altar of an unknown god.
  2788 | D:3      | Found an iron altar of Okawaru.
  2874 | D:2      | Reached XP level 5. HP: 18/38 MP: 0/0
  2874 | D:2      | Learned a level 2 spell: Searing Ray
  3045 | D:2      | HP: 1/38 [gnoll (7)]
  3046 | D:2      | Slain by a gnoll

Illustrated notes

Levels and vault maps discovered:
D:1:      dpeg_arrival_lava_temple_mockup, layout_basic, serial_shops, shop
D:2:      layout_basic, dreamdust_ecumenical_altar_statues, basic_altar,
          serial_shops, nicolae_square_shop, uniq_robin
D:3:      layout_loops_ring, okawaru_metal_pillars_3, kennysheep_jessica_study

Skill      XL: |  1  2  3 |
---------------+----------+-----
Long Blades    | 3 4 |  4.8
Fighting       | |  2.0
Throwing       | |  1.5
Dodging        | |  3.2

Action                   |  1- 3 |  4- 6 || total
-------------------------+-------+-------++-------
Melee: Long sword        |    85 |    71 ||   156
       Punch             |     1 |     1 ||     2
  Use: Scroll            |     4 |     2 ||     6
       Potion            |     1 |       ||     1
 Stab: Sleeping          |     1 |       ||     1
Armor: Leather armour    |    24 |    12 ||    36
Dodge: Dodged            |    43 |    70 ||   113

Table legend: (Time is in decaauts)
 A = Elapsed time spent in this place.
 B = Non-inter-level travel time spent in this place.
 C = Inter-level travel time spent in this place.
 D = Time resting spent in this place.
 E = Time spent auto-exploring this place.
 F = Levels seen in this place.
 G = Mean time per level.
                   A        B        C        D        E       F      G
               +--------+--------+--------+--------+--------+-----+--------+
         Total |   3078 |   2995 |     83 |      0 |   2565 |   3 | 1026.0 |
       Dungeon |   3078 |   2995 |     83 |      0 |   2565 |   3 | 1026.0 |
               +--------+--------+--------+--------+--------+-----+--------+

Top non-repeatable levels by time:
     D:2: 1843 daAuts
     D:1: 1085 daAuts
     D:3: 149 daAuts
